 Dungeon Crawl Stone Soup version 0.21-a0-135-g8dc100c (webtiles) character file.

8254 spectral the Carver (level 11, -3/77 HPs)
             Began as an Octopode Fighter on July 17, 2017.
             Was an Initiate of Gozag.
             Killed from afar by Erica (25 damage)
             ... with a bolt of poison
             ... on level 1 of the Orcish Mines.
             The game lasted 00:33:08 (14089 turns).

spectral the Carver (Octopode Fighter)             Turns: 14089, Time: 00:33:10

Health: -3/77      AC:  1    Str: 23    XL:     11   Next: 28%
Magic:  11/11      EV: 16    Int: 11    God:    Gozag
Gold:   1418       SH: 13    Dex: 17    Spells: 10/10 levels left

rFire    . . .     SeeInvis .   a - +1 long sword
rCold    . . .     Gourm    .   b - +1 shield
rNeg     . . .     Faith    .   (helmet restricted)
rPois    .         Spirit   .   (no amulet)
rElec    .         Reflect  .   g - +5 ring of dexterity
rCorr    .         Harm     .   (no ring)
MR       .....                  (no ring)
Stlth    +++.......             (no ring)
HPRegen  0.22/turn              (no ring)
MPRegen  0.12/turn              (no ring)
                                (no ring)
                                (no ring)

@: mighty, lethally poisoned (-3 -> -21), slowed, very slow
A: almost no armour, stealthy swim, amphibious, 8 rings, constrict 8, camouflage
1, gelatinous body 1
a: Potion Petition, Call Merchant, Bribe Branch, Renounce Religion


You were on level 1 of the Orcish Mines.
You worshipped Gozag.
Gozag was most pleased with you.
You were not hungry.

You visited 3 branches of the dungeon, and saw 13 of its levels.
You also visited: Sewer.

You collected 1542 gold pieces.
You paid 124 gold pieces to Gozag.

Inventory:

Hand Weapons
 a - a +1 long sword (weapon)
 o - a +2 mace of protection
 F - a +0 shortbow of freezing
 J - a +0 blowgun
 N - a +0 spear
Missiles
 j - 19 tomahawks (quivered)
 n - 8 javelins
 u - 2 tomahawks of dispersal
 K - 10 curare-tipped needles
Armour
 b - a +1 shield (worn)
Jewellery
 g - a +5 ring of dexterity (left tentacle)
 v - an uncursed ring of teleportation
Wands
 z - a wand of random effects (17/48)
 B - a wand of digging (0/24)
 C - a wand of paralysis (5/24)
 H - a wand of lightning (12/15)
Scrolls
 f - 5 scrolls of identify
 p - 4 scrolls of remove curse
 w - 2 scrolls of fog
 x - a scroll of magic mapping
 y - 3 scrolls of enchant armour
 E - 2 scrolls of enchant weapon
 I - a scroll of recharging {unknown}
Potions
 c - a potion of might
 d - a potion of degeneration {unknown}
 e - a potion of ambrosia
 l - 4 potions of mutation
 m - 2 potions of agility
 r - 5 potions of flight
 s - 5 potions of curing
 A - a potion of resistance {unknown}
Books
 G - a book of Changes

   Spells                             Type                      Level
   a - Beastly Appendage              Transmutation                1
   b - Sticks to Snakes               Transmutation                2
   c - Spider Form                    Transmutation/Poison         3
   d - Ice Form                       Ice/Transmutation            4
   e - Blade Hands                    Transmutation                5
 M - a book of Callings

   Spells                             Type                      Level
   a - Summon Small Mammal            Summoning                    1
   b - Call Imp                       Summoning                    2
   c - Call Canine Familiar           Summoning                    3
   d - Summon Guardian Golem          Hexes/Summoning              3
   e - Summon Lightning Spire         Summoning/Air                4
   f - Summon Ice Beast               Ice/Summoning                4
Comestibles
 k - 5 meat rations
 q - a royal jelly
 D - 7 fruits
 L - 5 bread rations


   Skills:
 - Level 8.0 Fighting
 + Level 11.1 Long Blades
 + Level 6.1 Dodging
 - Level 10.1 Shields


You had 10 spell levels left.
You didn't know any spells.

Dungeon Overview and Level Annotations

Branches:
Dungeon (11/15)            Temple (1/1) D:6            Lair (0/6) D:8
    Orc (1/2) D:9

Altars:
Ashenzari
Cheibriados
Dithmenos
Elyvilon
Fedhas
Gozag
Hepliaklqana
Kikubaaqudgha
Makhleb
Nemelex Xobeh
Okawaru
Qazlal
Ru
Sif Muna
Trog
Uskayaw
Wu Jian
Xom
Yredelemnul
Zin

Annotations:
Orc:1 Duffy's ghost, journeyman DDGl; Erica


Innate Abilities, Weirdness & Mutations

You cannot wear most types of armour.
You are very stealthy in the water. (Stealth+)
You are amphibious.
You can wear up to eight rings at the same time.
You can use your tentacles to constrict eight enemies at once.
Your skin changes colour to match your surroundings (Stealth+).
Your rubbery body absorbs attacks. (AC +1, EV +1)


Message History

Press: ? - help, Shift-Dir - straight line The rock shatters into small pieces.
Evoking this partially-identified wand wasted a few charges.
You feel sick. Something hits you! Something burns you.
You feel sick. Something barely misses you.
You feel sick.
You feel sick. Something hits you!! Something burns you!
* * * LOW HITPOINT WARNING * * *
You feel much better. Something hits you! Something burns you.
* * * LOW HITPOINT WARNING * * *
You feel sick.
You hear some strange, mumbled words.
Something tries to affect you, but you resist.
You feel sick.
You hear some strange, mumbled words.
A bolt of poison appears from out of thin air!
The bolt of poison hits you!
You are more poisoned.
You die...
Your body crumbles into a pile of gold.

...........##
...#........##
......#......#
.....##...#.##
...###...###.##
..## ##..#
##.## ..# #...
##.## .## ##.##
##.## ## ##@#
##.# ## #.#
#.## ## ##<#
..### ####.
....## #.#$..
.)...##.o.W..$
#.$.........#


There were no monsters in sight!

Vanquished Creatures
  2 two-headed ogres
  Sonja (D:10)
  A yaktaur (D:10)
  A troll (Orc:1)
  A merfolk (D:10)
  A hippogriff (D:6)
  2 yaks (D:9)
  Grum (D:8)
  Menkaure (D:7)
  Duvessa (D:5)
  A hell hound (D:8)
  2 sky beasts
  4 ogres
  5 orc warriors
  A phantom (D:8)
  An ice beast (D:6)
  2 centaurs
  A crocodile (D:10)
  2 wolves (D:8)
  3 big kobolds
  3 bullfrogs
  A gnoll sergeant (D:9)
  Dowan (D:5)
  5 scorpions
  10 killer bees (D:10)
  3 wights (D:10)
  3 howler monkeys (D:7)
  3 crimson imps
  4 bullfrog skeletons
  3 hounds
  4 orc priests
  Crazy Yiuf (D:2)
  2 centaur skeletons
  8 orc wizards
  14 worker ants
  5 iguanas
  A hound skeleton (D:4)
  A worker ant zombie (D:5)
  A howler monkey skeleton (D:7)
  9 adders
  16 gnolls
  9 river rats
  3 shadow imps
  An ooze (Sewer)
  3 worms
  8 dart slugs
  8 leopard geckos
  38 orcs
  9 bats
  7 giant cockroaches
  11 hobgoblins
  9 jackals
  32 kobolds
  5 quokkas
  9 ball pythons
  6 frilled lizards
  5 goblins
  A leopard gecko zombie (D:6)
  A quokka skeleton (D:8)
  20 rats
317 creatures vanquished.

Notes
Turn   | Place    | Note
-------+----------+-------------------------------------------
     0 | D:1      | spectral the Octopode Fighter began the quest for the Orb.
     0 | D:1      | Reached XP level 1. HP: 16/16 MP: 1/1
    85 | D:1      | Reached XP level 2. HP: 21/21 MP: 2/2
   361 | D:1      | Reached skill level 3 in Long Blades
   498 | D:1      | Reached XP level 3. HP: 26/26 MP: 3/3
  1160 | D:2      | Reached skill level 4 in Long Blades
  1273 | D:2      | Found a runed door.
  1428 | D:2      | Found an iron altar of Okawaru.
  1433 | D:2      | Reached XP level 4. HP: 26/31 MP: 4/4
  1902 | D:2      | Noticed Crazy Yiuf
  1914 | D:2      | Killed Crazy Yiuf
  2305 | D:3      | Reached skill level 5 in Long Blades
  2320 | D:3      | Reached XP level 5. HP: 32/36 MP: 5/5
  2584 | D:3      | Found a deep blue altar of Sif Muna.
  2846 | D:4      | Found a snail-covered altar of Cheibriados.
  2962 | D:4      | Reached skill level 6 in Long Blades
  3009 | D:4      | Reached XP level 6. HP: 42/42 MP: 6/6
  3019 | D:4      | Found a glowing drain.
  3023 | Sewer    | Entered a sewer
  4134 | Sewer    | Reached skill level 7 in Long Blades
  4228 | D:4      | Reached XP level 7. HP: 39/46 MP: 7/7
  4280 | D:4      | Noticed a two-headed ogre
  5645 | D:5      | Entered Level 5 of the Dungeon
  6355 | D:5      | Reached XP level 8. HP: 54/54 MP: 8/8
  6503 | D:5      | Noticed Duvessa
  6504 | D:5      | Noticed Dowan
  6522 | D:5      | Killed Duvessa
  6529 | D:5      | Killed Dowan
  6529 | D:5      | Reached skill level 5 in Fighting
  6529 | D:5      | Reached skill level 5 in Dodging
  7519 | D:6      | Found a staircase to the Ecumenical Temple.
  7526 | Temple   | Entered the Ecumenical Temple
  7624 | Temple   | Became a worshipper of Gozag Ym Sagoz the Greedy
  7992 | D:6      | Found a hide-covered altar of Uskayaw.
  8425 | D:7      | Noticed a hippogriff
  8438 | D:6      | Killed a hippogriff
  8438 | D:6      | Reached XP level 9. HP: 26/63 MP: 9/9
  8954 | D:7      | Reached skill level 5 in Shields
  8984 | D:7      | Noticed Menkaure
  8988 | D:7      | Killed Menkaure
  9466 | D:7      | Found a burning altar of Makhleb.
 10012 | D:7      | Reached skill level 8 in Long Blades
 10255 | D:8      | Noticed a two-headed ogre
 10274 | D:8      | Killed a two-headed ogre
 10274 | D:8      | Reached XP level 10. HP: 39/72 MP: 10/10
 10367 | D:8      | Reached skill level 9 in Long Blades
 10504 | D:8      | Noticed Grum
 10531 | D:8      | Killed Grum
 10969 | D:8      | Found a staircase to the Lair.
 11162 | D:9      | Found a hazy altar of Hepliaklqana.
 11163 | D:9      | Found a shimmering altar of Xom.
 11163 | D:9      | Noticed a tentacled monstrosity
 11164 | D:9      | Noticed a tentacled monstrosity
 11164 | D:9      | Noticed a spectral ugly thing
 11445 | D:9      | Found a staircase to the Orcish Mines.
 11768 | D:10     | Entered Level 10 of the Dungeon
 12050 | D:10     | Noticed Sonja
 12056 | D:10     | Killed Sonja
 12056 | D:10     | Reached skill level 10 in Long Blades
 12576 | D:10     | Reached XP level 11. HP: 30/77 MP: 11/11
 13506 | D:9      | Reached skill level 10 in Shields
 13519 | Orc:1    | Entered Level 1 of the Orcish Mines
 13520 | Orc:1    | Noticed a two-headed ogre
 13531 | Orc:1    | Killed a two-headed ogre
 13531 | Orc:1    | Reached skill level 11 in Long Blades
 13543 | Orc:1    | Noticed Duffy's ghost (journeyman DDGl)
 14073 | Orc:1    | Noticed Erica
 14089 | Orc:1    | Killed from afar by Erica

Vault maps used:
D:1:      eino_arrival_druids_welcome
D:2:      kennysheep_flooded_box, uniq_crazy_yiuf_cottage
D:3:      lemuel_blue_sif_altar
D:4:      old_standard_altar, old_standard_altar, serial_corexii_hall,
          corexii_hall_statues_deadend, corexii_hall_statues_x,
          gup_sewer_entry_bowl, first_bread
D:5:      uniq_duvessa
D:6:      lemuel_round_altar, minmay_temple_entry_statues_pillars
D:7:      lemuel_crystal_altar, uniq_menkaure
D:8:      minmay_lair_entry_lava, basic_altar, uniq_pikel, uniq_grum,
          uniq_maurice, uniq_psyche
D:9:      kennysheep_ambush_hall, regret_index_temple_of_mockery,
          fiery_altar_vehumet, orc_0_dummy, uniq_prince_ribbit1
D:10:     hangedman_fish_farm, uniq_sonja
D:11:     minmay_misc_feat_nine_boxes, kennysheep_cross_bottleneck
Temple:   jpeg_temple_clearing
Orc:1:    nicolae_orc_accident_1, uniq_erica
Sewer:    sewer_minmay_treatment

Skill      XL: |  1  2  3  4  5  6  7  8  9 10 11 |
---------------+----------------------------------+-----
Long Blades    | 3 4 5 6 7 8 10 11 | 11.1
Fighting       | 4 6 8 |  8.0
Dodging        | 4 5 6 |  6.1
Shields        | 4 7 9 10 | 10.1

Action                   |  1- 3 |  4- 6 |  7- 9 | 10-12 || total
-------------------------+-------+-------+-------+-------++-------
Melee: Long sword        |    58 |   151 |   284 |   248 ||   741
       Constrict         |    26 |    51 |    72 |    63 ||   212
       Tentacles         |     9 |    37 |   103 |   102 ||   251
Throw: Tomahawk          |       |     1 |     5 |     2 ||     8
       Throwing net      |       |       |     6 |       ||     6
       Javelin           |       |       |     3 |       ||     3
Evoke: Wand              |       |       |     1 |     4 ||     5
  Use: Scroll            |     4 |     4 |     8 |     3 ||    19
       Potion            |       |     4 |       |    21 ||    25
 Stab: Sleeping          |     2 |    13 |     8 |     6 ||    29
       Held in net/web   |       |       |     3 |       ||     3
       Distracted        |       |       |     1 |       ||     1
       Invisible         |       |       |       |     4 ||     4
       Paralysed         |       |       |       |     3 ||     3
  Eat: Chunk             |     2 |     9 |     5 |       ||    16
       Bread ration      |       |       |     3 |     1 ||     4
       Meat ration       |       |       |       |     2 ||     2
       Fruit             |       |       |       |     1 ||     1
Armor: Skin              |     5 |     6 |     7 |     6 ||    24
Dodge: Dodged            |    27 |    63 |   121 |    95 ||   306
Block: Shield            |    19 |    74 |   118 |   146 ||   357
       Rpst.: Long sword |    11 |    15 |    32 |    31 ||    89
